 Dungeon Crawl Stone Soup version 0.30.1-3-gfc49f6343a (webtiles) character file.

Game seed: 5595641582040505232

433 McKennaii the Conjurer (level 6, -3/45 HPs)
             Began as a Demigod Conjurer on Aug 1, 2023.
             Slain by an ogre
             ... wielding a +0 giant spiked club
              (12 damage)
             ... on level 4 of the Dungeon.
             The game lasted 00:02:22 (4386 turns).

McKennaii the Conjurer (Demigod Conjurer)           Turns: 4386, Time: 00:02:23

Health: -3/45      AC:  8    Str:  8    XL:     6   Next: 39%
Magic:  2/15       EV: 12    Int: 28    God:
Gold:   156        SH:  0    Dex: 12    Spells: 6/13 levels left

rFire   . . .        (no weapon)
rCold   . . .        (no shield)
rNeg    + . .        a - +0 robe
rPois   .            (no helmet)
rElec   .            (no cloak)
rCorr   .            g - +0 pair of gloves
SInv    .            j - +0 pair of boots
Will    .....        (no amulet)
Stlth   ++           i - +4 ring of protection
HPRegen 0.27/turn    r - ring of positive energy
MPRegen 0.14/turn

%: no passive effects
@: no status effects
A: high MP 1, forlorn, divine attributes
a: no special abilities


You were on level 4 of the Dungeon.
You visited 1 branch of the dungeon, and saw 4 of its levels.

You collected 156 gold pieces.

Inventory:

Armour
 a - a +0 robe (worn)
 g - a +0 pair of gloves (worn)
 j - a +0 pair of boots (worn)
Jewellery
 i - a +4 ring of protection (left hand)
 r - a ring of positive energy (right hand)
Wands
 q - a wand of charming (3)
 w - a wand of flame (24)
Scrolls
 e - 3 scrolls of identify {unknown}
 f - a scroll of silence {unknown}
 h - a scroll of vulnerability {unknown}
 k - a scroll of blinking {unknown}
 l - a scroll of teleportation {unknown}
 m - a scroll of noise {unknown}
 o - a scroll of fog {unknown}
 p - a scroll of magic mapping {unknown}
 t - a scroll of fear {unknown}
 u - a scroll of poison {unknown}
 v - a scroll of enchant weapon {unknown}
Potions
 b - a potion of magic
 c - 2 potions of flight {unknown}
 d - a potion of attraction {unknown}
 n - a potion of degeneration {unknown}
 s - a potion of invisibility {unknown}
 x - a potion of berserk rage {unknown}
 z - a potion of might {unknown}


   Skills:
 - Level 1.7 Dodging
 - Level 1.7 Stealth
 + Level 4.4 Spellcasting
 + Level 5.8 Conjurations


You had 6 spell levels left.
You knew the following spells:

 Your Spells              Type           Power      Damage    Failure   Level
a - Magic Dart            Conj           100%       1d8       1%          1
b - Searing Ray           Conj           76%        2d7       1%          2
c - Iskenderun's Mystic   Conj/Tloc      22%        2d6       22%         4

Your spell library contained the following spells:

 Spells                   Type           Power      Damage    Failure   Level
 Dazzling Flash           Conj/Hex       44%        N/A       6%          3
 Apportation              Tloc           12%        N/A       7%          1
 Fulminant Prism          Conj/Hex       11%        3d8       22%         4
 Alistair's Intoxication  Tmut/Pois      4%         N/A       89%         5


Dungeon Overview and Level Annotations

Branches:
Dungeon (4/15)
 Temple: D:4-7


Innate Abilities, Weirdness & Mutations

You have an increased reservoir of magic. (+10% MP)
You shall have no god before yourself.
Your divine heritage dramatically boosts your attributes as you level up.


Message History

The searing ray misses the orc. (Press . to maintain the ray.)
The orc hits you but does no damage.
Unknown command.
The orc attacks as you move away! The orc hits you with a +0 morningstar!
* * * LOW HITPOINT WARNING * * *
The orc attacks as you move away! The orc hits you with a +0 morningstar.
* * * LOW HITPOINT WARNING * * *
The orc attacks as you move away! The orc completely misses you.
The orc attacks as you move away! The orc barely misses you.
The orc attacks as you move away! The orc barely misses you.
You see here a +0 sling.
The orc attacks as you move away! The orc hits you with a +0 morningstar.
* * * LOW HITPOINT WARNING * * *
Casting: Searing Ray (safe; 1% risk of failure)
Confirm with . or Enter, or press ? or * to list all spells.
Aiming: Searing Ray (safe; 1% risk of failure)
Press: ? - help, Shift-Dir - straight line, f - orc wizard, p - orc
Aim: an orc wizard, wielding a +0 dagger and wearing a +0 robe (76% to hit)
The searing ray hits the orc!
You kill the orc!
The searing ray hits the orc.
You kill the orc!
The searing ray hits the ogre.
The ogre is lightly wounded.
The searing ray hits the orc wizard.
The orc wizard is moderately wounded. (Press . to maintain the ray.) Unknown command.
Unknown command.
The searing ray hits the ogre.
The ogre is moderately wounded.
The searing ray misses the orc wizard.
Unknown command.
The searing ray hits the ogre!
The ogre is severely wounded.
The searing ray hits the orc wizard.
The orc wizard is heavily wounded.
The ogre hits you with a +0 giant spiked club!
You die...

#...)..................#....
#........................#..
.....###..................#....
..! #.............#....###.. .
. ###............#.....###.
...#.......##.##...#........
.#......#..#.#..#......####
..........##.....##.....###.#
#.........oO@._.........##...
#.........##.....##.....##...
##.###.#..#..#.#..#.....###.#
#. #..#....##.##...........# .
..........................
...#.......................
.#......##................#
#.......#.##............##
#..##.....##....#........#


You could see an ogre and an orc wizard.

Vanquished Creatures
  An ogre (D:4)
  2 scorpions
  A hound (D:4)
  Terence (D:3)
  2 iguanas (D:4)
  3 adders
  3 worms
  3 dart slugs
  2 orcs (D:4)
  7 ball pythons
  7 bats
  7 endoplasms
  3 giant cockroaches
  6 goblins
  10 hobgoblins
  10 jackals
  4 quokkas
  5 frilled lizards
  6 kobolds
  5 rats
88 creatures vanquished.

Notes
Turn   | Place    | Note
-------+----------+-------------------------------------------
     0 | D:1      | McKennaii the Demigod Conjurer began the quest for the Orb.
     0 | D:1      | Reached XP level 1. HP: 14/14 MP: 5/5
   359 | D:1      | Reached XP level 2. HP: 20/20 MP: 4/7
   362 | D:1      | Learned a level 2 spell: Searing Ray
   457 | D:1      | Reached skill level 4 in Conjurations
  1300 | D:2      | Reached XP level 3. HP: 26/26 MP: 6/9
  2301 | D:3      | Noticed Terence
  2309 | D:3      | Killed Terence
  2310 | D:3      | Reached XP level 4. HP: 33/33 MP: 1/11
  2918 | D:3      | Reached skill level 5 in Conjurations
  2918 | D:3      | Reached XP level 5. HP: 38/38 MP: 5/13
  2923 | D:3      | Learned a level 4 spell: Iskenderun's Mystic Blast
  4039 | D:4      | Reached XP level 6. HP: 45/45 MP: 12/15
  4386 | D:4      | Slain by an ogre

Illustrated notes

Levels and vault maps discovered:
D:1:      lightli_iron_boxes, layout_basic
D:2:      layout_basic, lemuel_flame_loot_1
D:3:      layout_loops_ring, elyvilon_altar_3, lemuel_crystal_altar,
          st_stairs_12, uniq_terence
D:4:      layout_cave_pools, mainiacjoe_overflow_small_starburst, minivault_1,
          kennysheep_nub, grunt_ministairs_15, uniq_pikel

Skill      XL: |  1  2  3  4  5 |
---------------+----------------+-----
Spellcasting   | 2 3 4 |  4.4
Conjurations   | 4 5 |  5.8
Dodging        | |  1.7
Stealth        | |  1.7

Action                     |  1- 3 |  4- 6 || total
---------------------------+-------+-------++-------
  Melee: Unarmed           |     3 |     7 ||    10
   Cast: Magic Dart        |    84 |    95 ||   179
         Searing Ray       |     3 |    11 ||    14
 Armour: Robe              |     7 |    26 ||    33
  Dodge: Dodged            |    11 |    44 ||    55
